Map: Efflorescence LE

Players

Massa

  • Race: Terran Terran
  • League: Platinum
  • Spawn Location: 9:00

qqq

  • Race: Zerg Zerg
  • League: Platinum
  • Spawn Location: 6:00

xliqhtbeatz - Winner!

  • Race: Protoss Protoss
  • League: Diamond
  • Spawn Location: 3:00

MessiaH - Winner!

  • Race: Zerg Zerg
  • League: Master
  • Spawn Location: 12:00

VOD

Have the link to the VOD?

Description

Time

  • Played on: Nov. 29, 2020, 9:59 a.m.
  • Length: 6:53
Show
View Real Time Build Order
Export as new Build Order

Massa Terran 

Build Orders: 2 Factory, Hellion Opening 

Get SALT Encoding   

  12  0:00  SCV  
  13  0:12  SCV  
  14  0:18  Supply Depot  
  14  0:24  SCV  
  15  0:39  SCV  
  15  0:41  Barracks  
  16  0:47  Supply Depot  
  16  0:51  SCV  
  17  1:03  Refinery, SCV  
  18  1:15  SCV  
  19  1:22  Refinery  
  19  1:28  SCV  
  20  1:36  Marine  
  21  1:40  Orbital Command  
  21  1:54  Marine  
  21  1:58  Factory  
  22  2:06  SCV  
  23  2:17  Barracks Tech Lab  
  23  2:20  Factory  
  23  2:26  SCV  
  24  2:47  Barracks Reactor  
  24  2:49  Hellion  
  24  2:50  Supply Depot  
  26  2:53  Infernal Pre-Igniter  
  26  3:00  Supply Depot  
  26  3:01  Supply Depot  
  26  3:07  Hellion  
  26  3:10  Hellion  
  30  3:15  Engineering Bay  
  30  3:32  Hellion  
  32  3:35  Barracks Tech Lab  
  32  3:36  Hellion x2  
  36  3:53  Hellion  
  38  3:57  Hellion  
  38  3:58  Hellion  
  42  4:08  Stimpack  
  42  4:10  Terran Infantry Weapons Level 1  
  42  4:14  Hellion  
  44  4:19  Hellion x2  
  48  4:36  Hellion  
  50  5:00  Marauder  
  50  5:01  Hellion x2  
  52  5:21  Marauder  
  44  5:44  Orbital Command  
  23  6:35  Marine  
Show
View Real Time Build Order
Export as new Build Order

qqq Zerg 

Build Orders: Hatch First 

Get SALT Encoding   

  12  0:02  Drone  
  13  0:08  Drone  
  14  0:20  Overlord  
  14  0:48  Drone  
  15  0:52  Drone  
  15  0:54  Hatchery  
  16  0:57  Drone  
  16  1:10  Drone  
  16  1:11  Drone  
  18  1:19  Extractor  
  17  1:27  Spawning Pool  
  16  1:36  Drone x2  
  18  1:52  Drone  
  19  1:57  Drone  
  20  2:20  Extractor, Drone  
  20  2:21  Drone  
  20  2:22  Queen  
  23  2:23  Queen  
  25  2:31  Zergling x2  
  25  2:32  Zergling x2, Overlord  
  25  2:33  Metabolic Boost  
  27  2:37  Drone  
  27  2:43  Overlord  
  28  2:51  Drone x2  
  30  2:53  Zergling x2  
  31  3:04  Zergling x2  
  31  3:05  Drone  
  33  3:14  Drone  
  33  3:15  Zergling x2  
  35  3:25  Zergling x2  
  34  3:41  Zergling x4  
  34  3:42  Zergling x2  
  34  3:43  Zergling x6  
  40  3:53  Baneling Nest  
  39  3:59  Queen  
  41  4:04  Zergling x4  
  41  4:05  Zergling x2  
  41  4:07  Overlord  
  44  4:21  Hatchery  
  40  4:32  Zergling x10  
  40  4:33  Zergling x4  
  37  4:41  Spore Crawler  
  24  5:03  Spawning Pool  
  23  5:11  Spine Crawler  
  20  5:21  Spine Crawler  
  18  5:31  Lair  
  14  5:51  Drone x3  
  18  6:11  Drone  
  18  6:21  Zergling x2  
Show
View Real Time Build Order
Export as new Build Order

xliqhtbeatz Protoss - Winner!

Build Orders: Zealot Archon, Dark Templar Rush 

Get SALT Encoding   

  12  0:00  Probe (Chrono Boost)  
  13  0:10  Probe (Chrono Boost)  
  14  0:15  Probe (Chrono Boost)  
  15  0:22  Pylon  
  15  0:40  Probe  
  16  0:43  Gateway  
  16  0:48  Assimilator  
  16  0:50  Assimilator  
  16  0:52  Probe  
  17  1:05  Probe  
  18  1:17  Probe  
  19  1:29  Probe  
  19  1:32  Cybernetics Core  
  20  1:41  Probe (Chrono Boost)  
  21  1:53  Probe (Chrono Boost)  
  22  1:55  Gateway  
  22  1:59  Probe (Chrono Boost)  
  22  2:01  Gateway  
  23  2:09  Twilight Council  
  23  2:17  Warp Gate (Chrono Boost)  
  23  2:26  Pylon  
  23  2:33  Pylon  
  23  2:44  Probe  
  24  2:49  Dark Shrine  
  24  2:54  Gateway  
  24  2:59  Gateway  
  24  3:05  Shield Battery  
  24  3:07  Probe  
  25  3:53  Shield Battery  
  25  3:55  Pylon  
  25  4:01  Dark Templar x4  
  33  4:24  Shield Battery  
  33  4:51  Dark Templar x2  
  33  4:52  Dark Templar  
  39  5:29  Dark Templar  
  39  6:14  Dark Templar x2  
  39  6:17  Zealot x2  
  47  6:42  Archon x2  
  47  6:43  Archon x2  
  47  6:50  Pylon  
  47  6:51  Pylon  
  47  6:53  Pylon  
Show
View Real Time Build Order
Export as new Build Order

MessiaH Zerg - Winner!

Build Orders: Hatch First 

Get SALT Encoding   

  12  0:00  Drone  
  13  0:09  Drone  
  14  0:27  Overlord  
  14  0:45  Drone x3  
  17  0:57  Hatchery  
  17  0:59  Drone  
  17  1:05  Extractor  
  17  1:07  Drone  
  17  1:18  Spawning Pool  
  16  1:21  Drone  
  17  1:30  Drone  
  18  1:40  Drone  
  19  1:50  Overlord  
  19  2:04  Zergling x2  
  20  2:17  Drone x2  
  20  2:18  Queen  
  20  2:21  Queen  
  26  2:24  Overlord  
  26  2:25  Zergling x2  
  27  2:31  Drone  
  27  2:32  Drone  
  29  2:41  Extractor  
  28  2:44  Zergling x2  
  28  2:45  Zergling x2  
  30  2:52  Roach Warren  
  29  3:31  Roach x3  
  29  3:32  Roach x3  
  40  3:44  Roach x2  
  42  3:57  Roach  
  43  4:03  Spine Crawler  
  43  4:05  Spine Crawler  
  43  4:07  Roach  
  43  4:08  Spine Crawler  
  42  4:10  Roach  
  44  4:20  Overlord x2  
  44  4:37  Roach x2  
  44  4:38  Roach  
  30  4:46  Roach  
  30  4:52  Spine Crawler  
  27  5:17  Roach x3  
  28  5:26  Roach  
  19  5:37  Roach  
  20  5:42  Drone  
  20  6:02  Drone  
  21  6:35  Drone x3  
Tags
 
Add a new tag
Caveats
  • Supply blocks, unpowered buildings, or Contaminate may cause inaccurate times.
  • Supply counts are checked every 10 seconds.